 Dungeon Crawl Stone Soup version 0.19.0-2-gae57169 (webtiles) character file.

660 xeno23 the Firebug (level 7, 0/36 HPs)
             Began as a Deep Elf Fire Elementalist on Nov 5, 2016.
             Was a Follower of Vehumet.
             Slain by a gnoll
             ... wielding a +0 flail
              (6 damage)
             ... on level 4 of the Dungeon.
             The game lasted 00:13:29 (3240 turns).

xeno23 the Firebug (Deep Elf Fire Elementalist)     Turns: 3240, Time: 00:13:30

Health: 0/36       AC:  6    Str:  5    XL:     7   Next: 30%
Magic:  3/17       EV: 13    Int: 24    God:    Vehumet [*.....]
Gold:   245        SH:  0    Dex: 15    Spells: 4 memorised, 4 levels left

rFire  . . .     SeeInvis .     r - +0 spear
rCold  . . .     Gourm    .     a - +0 robe
rNeg   . . .     Faith    .     (no shield)
rPois  .         Spirit   .     q - +1 helmet
rElec  .         Reflect  .     (no cloak)
rCorr  .         Harm     .     n - +1 pair of gloves
MR     .....                    (no boots)
Stlth  ++........               x - amulet of magic regeneration
                                (no ring)
                                h - +2 ring of intelligence

@: no status effects
A: no striking features
a: Renounce Religion


You were on level 4 of the Dungeon.
You worshipped Vehumet.
Vehumet was aware of your devotion.
You were very hungry.

You visited 2 branches of the dungeon, and saw 5 of its levels.

You collected 245 gold pieces.

Inventory:

Hand Weapons
 r - a +0 spear (weapon)
Missiles
 u - 5 javelins (quivered)
 w - 4 poisoned needles
Armour
 a - a +0 robe (worn)
 n - a +1 pair of gloves (worn)
 q - a +1 helmet (worn)
Jewellery
 h - a +2 ring of intelligence (left hand)
 x - an amulet of magic regeneration (around neck)
 B - a +4 ring of dexterity {unknown}
Scrolls
 j - a scroll of amnesia {unknown}
 k - a scroll of teleportation
 t - a scroll of enchant armour
 C - 3 scrolls of identify
 E - a scroll of remove curse
Potions
 e - a potion of lignification {unknown}
 f - a potion of cancellation {unknown}
 g - a potion of heal wounds
 i - a potion of invisibility {unknown}
 l - a potion of mutation {unknown}
 o - 3 potions of flight
 s - 2 potions of brilliance
 v - 2 potions of curing {unknown}
Books
 b - a book of Flames

   Spells                             Type                      Level
   a - Flame Tongue                   Conjuration/Fire             1
   b - Throw Flame                    Conjuration/Fire             2
   c - Conjure Flame                  Conjuration/Fire             3
   d - Inner Flame                    Hexes/Fire                   3
   e - Sticky Flame                   Conjuration/Fire             4
   f - Fireball                       Conjuration/Fire             5
 y - a book of Frost

   Spells                             Type                      Level
   a - Freeze                         Ice                          1
   b - Throw Frost                    Conjuration/Ice              2
   c - Ozocubu's Armour               Charms/Ice                   3
   d - Throw Icicle                   Conjuration/Ice              4
   e - Summon Ice Beast               Ice/Summoning                4
 A - a book of Changes

   Spells                             Type                      Level
   a - Beastly Appendage              Transmutation                1
   b - Sticks to Snakes               Transmutation                2
   c - Spider Form                    Transmutation/Poison         3
   d - Ice Form                       Ice/Transmutation            4
   e - Blade Hands                    Transmutation                5
Comestibles
 c - 2 bread rations
 d - 5 fruits
 m - 2 royal jellies
 p - a beef jerky
 z - a meat ration
 D - 3 chunks of flesh


   Skills:
 - Level 2.4 Dodging
 - Level 2.6 Stealth
 + Level 5.7 Spellcasting
 * Level 5.1 Conjurations
 * Level 6.5 Fire Magic


You had 4 spell levels left.
You knew the following spells:

 Your Spells              Type           Power        Failure   Level  Hunger
a - Flame Tongue          Conj/Fire      ####.        1%          1    None
d - Conjure Flame         Conj/Fire      ####....     2%          3    #......
q - Fireball              Conj/Fire      ####......   24%         5    #####..
s - Sticky Flame          Conj/Fire      ####....     10%         4    ###....


Dungeon Overview and Level Annotations

Branches:
Dungeon (4/15)             Temple (1/1) D:4

Altars:
Ashenzari
Cheibriados
Fedhas
Gozag
Hepliaklqana
Makhleb
Nemelex Xobeh
Okawaru
Ru
Sif Muna
Trog
Uskayaw
Vehumet
Xom
Yredelemnul


Message History

A gnoll comes into view.
You struggle against the net.
The gnoll hits you with a flail!
The gnoll moves out of view.
A gnoll comes into view. It is wielding a flail.
You take 10 damage.
You struggle against the net.
The gnoll shaman hits you with a whip.
* * * LOW HITPOINT WARNING * * *
The gnoll hits you with a flail.
* * * LOW HITPOINT WARNING * * *
You take 8 damage.
You rip the net and break free!
The gnoll shaman calls upon its god to speed up the gnoll.
The gnoll seems to speed up.
The gnoll misses you. The gnoll closely misses you.
A gnoll comes into view.
The gnoll shaman closely misses you.
A gnoll comes into view.
A gnoll comes into view. It is wielding a spear.
The gnoll hits you with a flail.
You die...

#......# #.# #.#....# #.#
#.#....# ####.### #.#....#
#......# #.#....# #.##.#.# #####
#.##.#)####.##)#.############....
#.......<......).)..(.........###
.........[..........(............
≈≈≈≈≈≈≈≈≈≈≈≈≈≈≈≈@...≈≈≈≈≈≈≈≈≈≈≈≈≈
≈≈≈≈≈≈≈≈≈≈≈≈≈≈≈≈.g..≈≈≈≈≈≈≈≈≈≈≈≈≈
####≈≈≈≈≈≈≈≈≈≈≈ggg..≈≈≈≈≈≈≈≈≈≈≈≈#
gg.#...........gg)..............#
.g.#############'gg'#############
##' #gg.g# # .# .'.g)gg .#
###.g))## .# ##)g##


You could see a gnoll shaman and 14 gnolls.

Vanquished Creatures
  A gnoll sergeant (D:4)
  An orc priest (D:3)
  2 hounds (D:4)
  4 orc wizards
  A gnoll shaman (D:4)
  An iguana (D:4)
  2 worker ants (D:4)
  Robin (D:2)
  11 gnolls (D:4)
  7 adders
  An ooze (D:3)
  2 worms (D:3)
  5 dart slugs
  A leopard gecko (D:1)
  10 orcs
  6 bats
  4 giant cockroaches
  16 goblins
  6 hobgoblins
  14 jackals (D:4)
  6 kobolds
  3 quokkas
  3 frilled lizards
  6 rats
114 creatures vanquished.

Notes
Turn   | Place    | Note
-------+----------+-------------------------------------------
     0 | D:1      | xeno23 the Deep Elf Fire Elementalist began the quest for the Orb.
     0 | D:1      | Reached XP level 1. HP: 10/10 MP: 6/6
   206 | D:1      | Reached XP level 2. HP: 15/15 MP: 6/8
   270 | D:1      | You fall through a shaft!
   769 | D:2      | Reached XP level 3. HP: 19/19 MP: 2/10
   779 | D:2      | Noticed Robin
   894 | D:2      | Found a sparkling altar of Nemelex Xobeh.
   967 | D:2      | Reached skill level 4 in Fire Magic
   994 | D:2      | Learned a level 3 spell: Conjure Flame
  1274 | D:2      | Killed Robin
  1274 | D:2      | Reached XP level 4. HP: 23/24 MP: 4/12
  1382 | D:2      | Learned a level 4 spell: Sticky Flame
  1480 | D:2      | Found a shimmering altar of Xom.
  1480 | D:2      | Found a faded altar of an unknown god.
  1485 | D:2      | Found a faded altar of an unknown god.
  1487 | D:2      | Found a faded altar of an unknown god.
  1488 | D:2      | Found a faded altar of an unknown god.
  2104 | D:3      | Reached XP level 5. HP: 27/28 MP: 8/13
  2256 | D:3      | Reached skill level 5 in Fire Magic
  2515 | D:4      | Reached XP level 6. HP: 32/32 MP: 4/15
  2536 | D:4      | Found a staircase to the Ecumenical Temple.
  2545 | Temple   | Entered the Ecumenical Temple
  2627 | Temple   | Became a worshipper of Vehumet
  2706 | D:4      | Reached skill level 5 in Spellcasting
  3064 | D:4      | Found a burning altar of Makhleb.
  3064 | D:4      | Noticed a blizzard demon
  3067 | D:4      | Noticed an orange demon
  3067 | D:4      | Noticed a neqoxec
  3122 | D:4      | Reached * piety under Vehumet
  3122 | D:4      | Offered knowledge of Sandblast by Vehumet.
  3123 | D:4      | Reached skill level 6 in Fire Magic
  3153 | D:4      | Learned a level 5 spell: Fireball
  3227 | D:4      | Reached XP level 7. HP: 30/36 MP: 11/16
  3232 | D:4      | Reached skill level 5 in Conjurations
  3240 | D:4      | Slain by a gnoll

Skill      XL: |  1  2  3  4  5  6  7 |
---------------+----------------------+-----
Fire Magic     | 4 5 6 |  6.5
Spellcasting   | 4 5 |  5.7
Conjurations   | 2 3 4 5 |  5.1
Dodging        | |  2.4
Stealth        | |  2.6

Action                   |  1- 3 |  4- 6 |  7- 9 || total
-------------------------+-------+-------+-------++-------
Melee: Unarmed           |     1 |       |       ||     1
       Dagger            |     4 |       |       ||     4
       Spear             |     1 |    14 |       ||    15
 Cast: Flame Tongue      |    63 |   133 |       ||   196
       Sticky Flame      |       |     2 |       ||     2
       Conjure Flame     |       |     1 |       ||     1
       Fireball          |       |       |     4 ||     4
  Use: Scroll            |     4 |     6 |       ||    10
  Eat: Chunk             |     1 |     6 |       ||     7
Armor: Robe              |     3 |    16 |     1 ||    20
       Ring mail         |    23 |    22 |       ||    45
Dodge: Dodged            |    24 |    31 |     4 ||    59
